 Dungeon Crawl Stone Soup version 0.20.0-10-g0535bb4 (webtiles) character file.

455 vatarom the Skirmisher (level 7, -3/39 HPs)
             Began as a Vine Stalker Fighter on June 5, 2017.
             Killed from afar by Ijyb (7 damage)
             ... with a wand of lightning (?/15)
             ... on level 3 of the Dungeon.
             The game lasted 00:07:52 (2489 turns).

vatarom the Skirmisher (Vine Stalker Fighter)       Turns: 2489, Time: 00:07:52

Health: -3/39      AC: 15    Str: 24    XL:     7   Next: 5%
Magic:  0/8        EV:  9    Int:  9    God:
Gold:   127        SH:  0    Dex: 14    Spells: 6/6 levels left

rFire    . . .     SeeInvis .   p - +0 short sword (protect)
rCold    . . .     Gourm    .   (no shield)
rNeg     . . .     Faith    .   b - +0 scale mail
rPois    .         Spirit   +   (no helmet)
rElec    .         Reflect  .   i - +0 cloak
rCorr    .         Harm     .   (no gloves)
MR       .....                  (no boots)
Stlth    ..........             (no amulet)
Regen    0.6/turn               (no ring)
MPRegen  0.2/turn               (no ring)

@: mighty, protection aura
A: fangs 2, regeneration 1, magic shield, antimagic bite, no potion heal 3, rot
immunity
a: no special abilities


You were on level 3 of the Dungeon.
You were hungry.

You visited 1 branch of the dungeon, and saw 3 of its levels.

You collected 127 gold pieces.

Inventory:

Hand Weapons
 a - a +0 rapier
 p - a +0 short sword of protection (weapon)
Armour
 b - a +0 scale mail (worn)
 c - a +0 shield
 i - a +0 cloak (worn)
Scrolls
 n - 2 scrolls of remove curse
 o - a scroll of teleportation
Potions
 d - 2 potions of flight
 e - 3 potions of curing
 h - 2 potions of magic
 m - a potion of might
Comestibles
 f - 3 bread rations
 g - 3 fruits
 j - 4 meat rations
 k - 11 chunks of flesh
 l - a royal jelly


   Skills:
 - Level 5.3 Fighting
 - Level 3.6 Short Blades
 + Level 3.7 Armour
 - Level 2.6 Shields


You had 6 spell levels left.
You didn't know any spells.

Dungeon Overview and Level Annotations

Branches:
Dungeon (3/15)

Altars:

Annotations:
D:3 1 transporter, Ijyb


Innate Abilities, Weirdness & Mutations

You have extremely sharp teeth.
Your natural rate of healing is unusually fast.
When hurt, damage is shared between your health and your magic reserves.
Your bite disrupts and absorbs the magic of your enemies.
Potions cannot restore your health.
You are immune to rotting.


Message History

You closely miss Ijyb. Ijyb hits you with an enchanted club.
You are too injured to fight recklessly!
You are too injured to fight recklessly!
You hit Ijyb but do no damage. You bite Ijyb, but do no damage.
Ijyb zaps a wand.
The bolt of lightning hits you!
* * * LOW HITPOINT WARNING * * *
You hit Ijyb. You bite Ijyb, but do no damage.
Ijyb is lightly wounded.
Ijyb hits you but does no damage.
You feel very mighty all of a sudden. Ijyb hits you with an enchanted club!
* * * LOW HITPOINT WARNING * * *
Magic courses through your body.
Ijyb zaps a wand.
The bolt of lightning misses you.
You hit Ijyb but do no damage. Your bite misses Ijyb.
Ijyb is lightly wounded.
You closely miss Ijyb.
Ijyb is lightly wounded.
Ijyb zaps a wand.
The bolt of lightning hits you!
You die...

P../ #.###.##...# #.####
###+ #.##......##. #....#
#.##..###.#.. ####.#
#.##...##.#Z. #.÷..#
#.##.#.##.#.# ###†##..
#.##.#.##.#.# ≈..≈..≈..
#.##......#.# ..≈≈...≈≈≈.
#.####.####.#.≈≈≈≈≈≈≈≈≈≈.≈
#.# #...@g....≈≈≈≈≈≈≈≈≈≈.
#.# ######..≈.≈≈≈≈≈≈≈≈≈.≈
#.## ##..≈≈≈≈.≈≈≈≈≈. #..#
.≈≈≈≈._.≈≈≈≈. #######..#
#≈≈≈≈≈≈..≈≈≈.. .........#
#.≈≈≈≈≈≈≈≈≈≈.≈ ....####.#
#≈≈≈≈≈≈≈≈≈≈≈≈. .. #.#####
#.≈≈≈≈≈≈≈≈≈≈.. #.....#
####.≈≈≈≈≈.≈≈≈≈≈.


You could see Ijyb.

Vanquished Creatures
  Sigmund (D:2)
  Crazy Yiuf (D:2)
  A bullfrog skeleton (D:3)
  Natasha (twice) (D:2)
  Robin (D:2)
  5 adders
  3 gnolls (D:3)
  An ooze (D:2)
  2 worms (D:2)
  2 dart slugs (D:2)
  2 leopard geckos (D:2)
  2 orcs (D:3)
  A ball python (D:1)
  4 giant cockroaches
  15 goblins
  17 hobgoblins
  6 jackals
  2 quokkas (D:2)
  5 bats
  2 frilled lizards
  10 kobolds
  9 rats
94 creatures vanquished.

Notes
Turn   | Place    | Note
-------+----------+-------------------------------------------
     0 | D:1      | vatarom the Vine Stalker Fighter began the quest for the Orb.
     0 | D:1      | Reached XP level 1. HP: 11/11 MP: 2/2
   221 | D:1      | Reached skill level 3 in Fighting
   221 | D:1      | Reached XP level 2. HP: 2/16 MP: 1/3
   725 | D:1      | Reached XP level 3. HP: 19/20 MP: 4/4
  1214 | D:2      | Noticed Robin
  1225 | D:2      | Gained mutation: Your natural rate of healing is unusually fast. [Vine Stalker growth]
  1225 | D:2      | Reached XP level 4. HP: 18/25 MP: 5/5
  1248 | D:2      | Killed Robin
  1248 | D:2      | Reached skill level 4 in Fighting
  1438 | D:2      | Noticed Natasha
  1443 | D:2      | Killed Natasha
  1476 | D:2      | Reached XP level 5. HP: 21/29 MP: 6/6
  1539 | D:2      | Noticed Sigmund
  1553 | D:2      | Killed Sigmund
  1553 | D:2      | Reached skill level 5 in Fighting
  1553 | D:2      | Reached XP level 6. HP: 4/35 MP: 3/7
  1758 | D:2      | Found a runed door.
  1762 | D:2      | Noticed Crazy Yiuf
  1774 | D:2      | Killed Crazy Yiuf
  2082 | D:3      | Noticed Ijyb
  2124 | D:2      | Noticed Natasha
  2133 | D:2      | Killed Natasha
  2195 | D:3      | Found a faded altar of an unknown god.
  2437 | D:3      | Found a transporter.
  2481 | D:3      | Reached XP level 7. HP: 37/39 MP: 6/8
  2489 | D:3      | Killed from afar by Ijyb

Skill      XL: |  1  2  3  4  5  6 |
---------------+-------------------+-----
Short Blades   | 2 3 |  3.6
Fighting       | 3 4 5 |  5.3
Armour         | 3 |  3.7
Shields        | |  2.6

Action                   |  1- 3 |  4- 6 |  7- 9 || total
-------------------------+-------+-------+-------++-------
Melee: Rapier            |   106 |   158 |       ||   264
       Bite              |    21 |    61 |     2 ||    84
       Short sword       |       |    54 |     5 ||    59
  Use: Scroll            |     5 |     4 |       ||     9
       Potion            |     1 |     4 |     2 ||     7
 Stab: Invisible         |       |     1 |       ||     1
  Eat: Chunk             |     1 |     4 |       ||     5
Armor: Scale mail        |    48 |    81 |     1 ||   130
       Skin              |       |     3 |       ||     3
Dodge: Dodged            |    49 |    88 |     2 ||   139
